 Dungeon Crawl Stone Soup version 0.28-a0-1616-g050a50673c (webtiles) character file.

Game seed: 4803619378777247171

0 croobank the Skirmisher (level 1, -2/14 HPs)
             Began as a Demonspawn Abyssal Knight on Jan 22, 2022.
             Was an Initiate of Lugonu.
             Slain by a goblin (4 damage)
             ... on level 1 of the Dungeon.
             The game lasted 00:01:11 (108 turns).

croobank the Skirmisher (Demonspawn Abyssal Knight)  Turns: 108, Time: 00:01:11

Health: -2/14      AC:  1    Str: 13    XL:     1   Next: 8%
Magic:  2/2        EV: 11    Int: 11    God:    Lugonu [......]
Gold:   7          SH:  0    Dex: 13    Spells: 0/0 levels left

rFire   . . .      SeeInvis .   a - +1 hand axe
rCold   . . .      Faith    .   (no shield)
rNeg    . . .      Spirit   .   b - +0 leather armour
rPois   .          Reflect  .   (no helmet)
rElec   .          Harm     .   (no cloak)
rCorr   .          Rampage  .   (no gloves)
Will    .....                   (no boots)
Stlth   +.........              (no amulet)
HPRegen 0.04/turn               (no ring)
MPRegen 0.08/turn               (no ring)

@: no status effects
A: [deformed body], [frail 2]
a: Renounce Religion


You were on level 1 of the Dungeon.
You worshipped Lugonu.
Lugonu was noncommittal.
You visited 1 branch of the dungeon, and saw 1 of its levels.
You visited the Abyss 1 time.

You collected 7 gold pieces.

Inventory:

Hand Weapons
 a - a +1 hand axe (weapon)
Armour
 b - a +0 leather armour (worn)
 c - a +0 buckler


   Skills:
 + Level 3.0 Fighting
 + Level 1.7 Axes
 + Level 1.7 Armour
 + Level 0.8 Dodging
 + Level 2.4 Invocations


You couldn't memorise any spells.
You didn't know any spells.
Your spell library was empty.

Dungeon Overview and Level Annotations

Branches:
Dungeon (1/15)

Altars:


Innate Abilities, Weirdness & Mutations

[Armour fits poorly on your strangely shaped body.]
[You are very frail. (-20% HP)]


Message History

You feel frail. x2
You pass through the gate.
You can no longer depart the Abyss at will.
Found a spear and 7 gold pieces.
There is a staircase leading out of the dungeon here.
Magic restored.
You now have 7 gold pieces.
You open the door.
Found a buckler.
There is an open door here.
A bat and 2 goblins come into view.
The goblin shouts!
You hear a shout!
A kobold comes into view. It is wielding a +0 dagger.
The bat closely misses you.
You see here a +0 buckler.
The goblin shouts!
You hit the bat.
You kill the bat!
Lugonu accepts your kill.
You hear a shout!
c - a +0 buckler You miss the goblin.
The goblin closely misses you.
You barely miss the goblin. The goblin hits you with a +0 dagger.
You closely miss the goblin. The goblin hits you with a +0 dagger.
You barely miss the goblin. The goblin hits you but does no damage.
You closely miss the goblin. The goblin hits you with a +0 dagger.
The goblin misses you.
You hit the goblin.
The goblin is severely wounded.
The goblin hits you with a +0 dagger.
* * * LOW HITPOINT WARNING * * *
You aren't carrying any potions.
You aren't carrying any scrolls.
You miss the goblin.
The goblin is severely wounded.
The goblin misses you.
You closely miss the goblin.
The goblin is severely wounded.
The goblin hits you with a +0 dagger.
You die...

#§§§§§.≈# ... #
#≈§§§.≈≈#.......
#.#≈≈§..≈§#.......
#..§≈.<.≈§........
###§≈§..§≈#.......
#≈§§§.§≈#.......
#≈.≈≈≈.≈#.......
##+###'##K....#
#.....@gg..#
###..####.## #.. #
...# #..# #.. #.#


You could see 2 goblins and a kobold.

Vanquished Creatures
  A bat (D:1)
1 creature vanquished.

Notes
Turn   | Place    | Note
-------+----------+-------------------------------------------
     0 | Abyss:1  | croobank the Demonspawn Abyssal Knight began the quest for
                  | the Orb.
     0 | Abyss:1  | Reached XP level 1. HP: 18/18 MP: 2/2
    50 | Abyss:2  | Noticed a rakshasa
    70 | Abyss:2  | Noticed a small abomination
    74 | Abyss:2  | Noticed a wretched star
    77 | D:1      | Escaped the Abyss
   108 | D:1      | Slain by a goblin

Illustrated notes

Levels and vault maps discovered:
D:1:      ncdulo_lavacross, layout_rooms

Action                   || total
-------------------------++-------
Melee: Hand axe          ||     9
Invok: Depart the Abyss  ||     1
Armor: Leather armour    ||     1
Dodge: Dodged            ||     4

Table legend: (Time is in decaauts)
 A = Elapsed time spent in this place.
 B = Non-inter-level travel time spent in this place.
 C = Inter-level travel time spent in this place.
 D = Time resting spent in this place.
 E = Time spent auto-exploring this place.
 F = Levels seen in this place.
 G = Mean time per level.
                   A        B        C        D        E       F      G
               +--------+--------+--------+--------+--------+-----+--------+
         Total |    109 |    109 |      0 |      0 |     57 |   3 |   36.3 |
       Dungeon |     32 |     32 |      0 |      0 |     17 |   1 |   32.0 |
         Abyss |     76 |     76 |      0 |      0 |     40 |   2 |   38.0 |
               +--------+--------+--------+--------+--------+-----+--------+

Top non-repeatable levels by time:
 Abyss:2: 57 daAuts
     D:1: 32 daAuts
 Abyss:1: 19 daAuts
